 Dungeon Sprint DCSS version 0.30-a0-1008-g30c9307041 (webtiles) character file.

Game seed: 10663695834639300396

2030 Ihaveafatcat the Severer (level 9, -3/90 HPs)
             Began as a Hill Orc Fighter on Apr 5, 2023.
             Was a Priest of Trog.
             Slain by a boulder beetle (6 damage)
             ... in the Dungeon (Sprint IX: "|||||||||||||||||||||||||||||").
             The game lasted 00:02:04 (479 turns).

Ihaveafatcat the Severer (Hill Orc Fighter)          Turns: 479, Time: 00:02:04

Health: -3/90      AC: 18    Str: 23    XL:     9   Next: 23%
Magic:  9/9        EV:  9    Int: 11    God:    Trog [***...]
Gold:   0          SH:  6    Dex: 10    Spells: 8/8 levels left

rFire   . . .      SeeInvis .    m - +3 war axe (heavy)
rCold   . . .      Faith    .    c - +0 buckler
rNeg    . . .      Spirit   .    r - +1 chain mail
rPois   .          Reflect  .    (no helmet)
rElec   .          Rampage  .    o - +0 cloak
rCorr   .          NoTele   +    (no gloves)
Will    .....                    n - +0 pair of boots Stlth
                                 (no amulet)
HPRegen 0.35/turn                p - +2 ring of protection
MPRegen 0.11/turn                q - +3 ring of intelligence

@: no status effects
A: no striking features
a: Renounce Religion, Berserk, Trog's Hand


You were in the Dungeon.
You worshipped Trog.
Trog was most pleased with you.
You visited 1 branch

Inventory:

Hand Weapons
 a - a +0 war axe
 m - a +3 heavy war axe (weapon)
Armour
 b - a +0 scale mail
 c - a +0 buckler (worn)
 n - a +0 pair of boots (worn)
 o - a +0 cloak (worn)
 r - a +1 chain mail (worn)
Jewellery
 p - a +2 ring of protection (left hand)
 q - a +3 ring of intelligence (right hand)
Wands
 l - a wand of iceblast (10)
Scrolls
 j - 2 scrolls of blinking
Potions
 d - a potion of might
 e - 5 potions of curing
 f - a potion of heal wounds
 g - a potion of haste
 h - 4 potions of magic
 i - a potion of berserk rage
 k - a potion of invisibility


   Skills:
 + Level 11.9 Fighting
 + Level 16.1 Axes
 + Level 11.5 Armour
 + Level 1.5 Dodging
 + Level 9.5 Shields


You had 8 spell levels left.
You didn't know any spells.
Your spell library was empty.

Dungeon Overview and Level Annotations

Branches:
Dungeon (1/1)

Altars:
Cheibriados
Dithmenos
Elyvilon
Fedhas
Gozag
Hepliaklqana
Kikubaaqudgha
Makhleb
Nemelex Xobeh
Okawaru
Qazlal
Ru
Sif Muna
Trog
Uskayaw
Vehumet
Wu Jian
Xom
Yredelemnul
Zin
The Shining One
Beogh
Jiyva
Lugonu


Message History

You slash the boulder beetle!
The boulder beetle is lightly wounded.
The boulder beetle bites you!
* * * LOW HITPOINT WARNING * * *
You hit the boulder beetle.
The boulder beetle is lightly wounded.
The boulder beetle bites you but does no damage.
You slice the boulder beetle!!
The boulder beetle is heavily wounded.
The boulder beetle bites you.
* * * LOW HITPOINT WARNING * * *
You hit the boulder beetle.
The boulder beetle is severely wounded.
The boulder beetle bites you!
* * * LOW HITPOINT WARNING * * *
You barely miss the boulder beetle.
The boulder beetle is severely wounded.
The boulder beetle barely misses you.
You slash the boulder beetle!
The boulder beetle is severely wounded.
The boulder beetle leaps!
The boulder beetle leaps!
The boulder beetle curls into a ball and begins rolling!
There is an open door, spattered with blood here.
Things that are here:
a +0 long sword; 4 large rocks; an elf corpse
Items here: )) ††.
The boulder beetle barely misses you.
The boulder beetle stops rolling and uncurls.
You slash the boulder beetle!
The boulder beetle is almost dead.
You block the boulder beetle's attack.
You hit the boulder beetle but do no damage.
The boulder beetle is almost dead.
The boulder beetle bites you.
* * * LOW HITPOINT WARNING * * *
You hit the boulder beetle.
The boulder beetle is almost dead.
The boulder beetle bites you.
You die...

▓)▓
▓.▓
▓.▓
▓.▓
▓.▓
▓.▓
▓)▓
▓)▓
▓@▓
▓B▓
▓.▓
▓.▓
▓.▓
▓+▓


You could see a boulder beetle.

Vanquished Creatures
  A centaur warrior (D)
  A deep elf pyromancer (D)
  A cyclops (D)
  An efreet (D)
  A wyvern (D)
  A vampire mosquito (D)
  3 orc warriors (D)
  A black bear (D)
  An ogre (D)
  A gnoll sergeant (D)
  2 howler monkeys (D)
  An iguana (D)
  A dart slug (D)
  An orc (D)
  An endoplasm (D)
  A giant cockroach (D)
  A kobold (D)
  A rat (D)
21 creatures vanquished.

Notes
Turn   | Place    | Note
-------+----------+-------------------------------------------
     0 | D        | Ihaveafatcat the Hill Orc Fighter began the quest for the
                  | Orb.
     0 | D        | Reached XP level 1. HP: 19/19 MP: 1/1
     8 | D        | Reached skill level 3 in Axes
    13 | D        | Reached XP level 2. HP: 23/28 MP: 2/2
    19 | D        | Noticed a howler monkey
    19 | D        | Noticed a black bear
    19 | D        | Noticed an ogre
    25 | D        | Reached skill level 5 in Fighting
    25 | D        | Reached skill level 4 in Axes
    25 | D        | Reached XP level 3. HP: 26/36 MP: 3/3
    31 | D        | Reached skill level 5 in Axes
    31 | D        | Reached skill level 5 in Armour
    31 | D        | Reached skill level 5 in Shields
    31 | D        | Reached XP level 4. HP: 22/44 MP: 4/4
    33 | D        | Killed a black bear
    34 | D        | Reached skill level 7 in Axes
    34 | D        | Reached XP level 5. HP: 27/52 MP: 5/5
    40 | D        | Killed an ogre
    41 | D        | Reached skill level 8 in Axes
    41 | D        | Reached XP level 6. HP: 7/62 MP: 6/6
   230 | D        | Found a roughly hewn altar of Beogh.
   230 | D        | Found a snail-covered altar of Cheibriados.
   230 | D        | Found a shadowy altar of Dithmenos.
   230 | D        | Found a white marble altar of Elyvilon.
   230 | D        | Found a blossoming altar of Fedhas.
   230 | D        | Found an opulent altar of Gozag.
   231 | D        | Found a hazy altar of Hepliaklqana.
   232 | D        | Found a viscous altar of Jiyva.
   233 | D        | Found an ancient bone altar of Kikubaaqudgha.
   234 | D        | Found a corrupted altar of Lugonu.
   235 | D        | Found a burning altar of Makhleb.
   236 | D        | Found a sparkling altar of Nemelex Xobeh.
   237 | D        | Found an iron altar of Okawaru.
   238 | D        | Found a stormy altar of Qazlal.
   239 | D        | Found a sacrificial altar of Ru.
   240 | D        | Found a shimmering blue altar of Sif Muna.
   241 | D        | Found a bloodstained altar of Trog.
   242 | D        | Found a hide-covered altar of Uskayaw.
   243 | D        | Found a radiant altar of Vehumet.
   244 | D        | Found an ornate altar of the Wu Jian Council.
   245 | D        | Found a shimmering altar of Xom.
   246 | D        | Found a basalt altar of Yredelemnul.
   247 | D        | Found a glowing silver altar of Zin.
   248 | D        | Found a glowing golden altar of the Shining One.
   251 | D        | Became a worshipper of Trog the Wrathful
   306 | D        | Noticed an orc warrior
   306 | D        | Noticed an orc warrior
   306 | D        | Noticed a wyvern
   306 | D        | Noticed an orc warrior
   308 | D        | Killed an orc warrior
   309 | D        | Reached skill level 9 in Axes
   311 | D        | Killed an orc warrior
   312 | D        | Reached skill level 10 in Axes
   312 | D        | Reached XP level 7. HP: 69/70 MP: 7/7
   315 | D        | Reached * piety under Trog
   320 | D        | Reached skill level 11 in Axes
   326 | D        | Killed a wyvern
   327 | D        | Reached skill level 10 in Fighting
   327 | D        | Reached skill level 12 in Axes
   328 | D        | Reached ** piety under Trog
   329 | D        | Reached skill level 10 in Armour
   447 | D        | Noticed a cyclops
   447 | D        | Noticed a centaur warrior
   447 | D        | Noticed an efreet
   447 | D        | Noticed a deep elf pyromancer
   447 | D        | Noticed a vampire mosquito
   447 | D        | Noticed a boulder beetle
   451 | D        | Killed a cyclops
   452 | D        | Reached skill level 13 in Axes
   452 | D        | Reached XP level 8. HP: 52/81 MP: 8/8
   454 | D        | Killed a deep elf pyromancer
   455 | D        | Reached skill level 15 in Axes
   455 | D        | Reached skill level 1 in Dodging
   455 | D        | HP: 3/82 [efreet/fireball (20)]
   458 | D        | Killed a centaur warrior
   458 | D        | Reached *** piety under Trog
   459 | D        | Reached XP level 9. HP: 28/89 MP: 9/9
   462 | D        | Killed an efreet
   465 | D        | Reached skill level 16 in Axes
   478 | D        | HP: 3/90 [boulder beetle (6)]
   479 | D        | Slain by a boulder beetle

Illustrated notes

Levels and vault maps discovered:
D:        linesprint [early_d, line_temple, items_1, d_10, items_2, lair_1,
          lair_end, items_3, orc_1, orc_end, items_4, d_15, swamp_1, shoals_1,
          snake_1, spider_1, d_20, vaults_1, items_5, swamp_end, shoals_end,
          snake_end, spider_end, vaults_end, d_27, items_6, zot_1, zot_end,
          crypt_end, forest_end, elf_end, slime_end, tomb_end, abyss_end,
          pan_hell_end]

Skill      XL: |  1  2  3  4  5  6  7  8  9 |
---------------+----------------------------+-----
Fighting       | 4 5 6 7 8 9 10 11 | 11.9
Axes           | 3 4 5 7 8 10 13 15 16 | 16.1
Armour         | 4 5 6 7 8 10 11 | 11.5
Shields        | 4 5 6 7 8 9 |  9.5
Dodging        | 1 |  1.5

Action                     |  1- 3 |  4- 6 |  7- 9 || total
---------------------------+-------+-------+-------++-------
  Melee: War axe           |    20 |    15 |    39 ||    74
    Use: Potion            |       |       |     2 ||     2
 Armour: Scale mail        |     4 |     5 |       ||     9
         Chain mail        |       |       |    17 ||    17
  Dodge: Dodged            |     6 |     8 |    20 ||    34
  Block: Buckler           |     3 |     3 |    14 ||    20

Table legend: (Time is in decaauts)
 A = Elapsed time spent in this place.
 B = Non-inter-level travel time spent in this place.
 C = Inter-level travel time spent in this place.
 D = Time resting spent in this place.
 E = Time spent auto-exploring this place.
 F = Levels seen in this place.
 G = Mean time per level.
                   A        B        C        D        E       F      G
               +--------+--------+--------+--------+--------+-----+--------+
         Total |    499 |    499 |      0 |    295 |      0 |   1 |  499.0 |
       Dungeon |    499 |    499 |      0 |    295 |      0 |   1 |  499.0 |
               +--------+--------+--------+--------+--------+-----+--------+

Top non-repeatable levels by time:
       D: 499 daAuts
